Map: Colline di Doraelus

Players

Mørtebianca

  • Race: Zerg Zerg
  • League: Diamond

LaWeedaLoca

  • Race: Zerg Zerg
  • League: Master

Jhyrachy

  • Race: Zerg Zerg
  • League: Silver

Suicidal - Winner!

  • Race: Zerg Zerg
  • League: Platinum

GArUnE - Winner!

  • Race: Zerg Zerg
  • League: Platinum

Нафнаф - Winner!

  • Race: Terran Terran
  • League: Diamond

VOD

Have the link to the VOD?

Description

Time

  • Played on: Dec. 17, 2015, 7:42 p.m.
  • Length: 12:39
Show
View Real Time Build Order
Export as new Build Order

Mørtebianca Zerg 

Build Orders: Hatch First 

Get SALT Encoding   

  12  0:01  Drone  
  13  0:08  Drone  
  14  0:16  Overlord  
  14  0:34  Drone  
  14  0:35  Drone x2  
  17  0:54  Hatchery  
  16  0:58  Drone  
  16  1:00  Drone  
  16  1:03  Extractor  
  17  1:09  Drone  
  18  1:20  Spawning Pool  
  18  1:21  Drone  
  18  1:28  Drone  
  19  1:40  Overlord  
  19  1:57  Drone  
  20  2:02  Drone  
  20  2:07  Hatchery  
  20  2:09  Drone  
  20  2:11  Drone  
  22  2:21  Drone  
  22  2:22  Drone  
  24  2:29  Drone  
  25  2:33  Queen  
  25  2:35  Metabolic Boost  
  27  2:44  Queen  
  27  2:46  Drone  
  27  2:50  Drone  
  31  2:52  Drone  
  31  2:56  Drone  
  33  2:59  Drone  
  33  3:02  Drone  
  33  3:05  Drone  
  36  3:13  Spore Crawler  
  36  3:18  Spore Crawler  
  36  3:19  Drone  
  35  3:26  Drone x2  
  35  3:27  Drone x2  
  39  3:32  Spore Crawler  
  38  3:36  Drone x2  
  38  3:38  Drone  
  38  3:40  Overlord  
  40  3:55  Drone  
  41  3:57  Drone  
  41  3:58  Overlord  
  41  3:59  Overlord x3  
  41  4:00  Drone  
  41  4:02  Drone  
  44  4:05  Zergling x4  
  44  4:07  Zergling x2  
  44  4:09  Zergling x2  
  48  4:13  Drone  
  49  4:22  Drone x2  
  49  4:23  Hatchery  
  50  4:26  Drone  
  50  4:27  Drone x2  
  53  4:35  Hatchery  
  52  4:45  Drone x2  
  54  4:48  Hatchery, Extractor  
  54  4:49  Queen  
  54  4:51  Drone x3  
  54  4:52  Drone x3  
  60  4:56  Extractor  
  60  4:58  Extractor  
  58  5:00  Roach Warren  
  58  5:03  Drone  
  58  5:04  Drone, Evolution Chamber  
  58  5:05  Evolution Chamber  
  57  5:10  Drone x3  
  57  5:12  Drone x2  
  57  5:13  Drone  
  63  5:18  Drone x2  
  65  5:23  Extractor  
  65  5:24  Drone x3, Extractor  
  65  5:25  Drone x2  
  65  5:26  Drone  
  65  5:27  Drone  
  70  5:32  Overlord  
  61  5:46  Roach  
  61  5:47  Roach x6  
  74  6:01  Roach x5  
  74  6:02  Roach  
  85  6:09  Roach x3  
  90  6:20  Drone  
  90  6:22  Overlord x4  
  91  6:33  Zerg Ground Armor Level 1, Zerg Missile Weapons Level 1  
  91  6:36  Lair  
  91  6:41  Drone x2  
  91  6:42  Drone x4  
  91  6:44  Drone  
  91  6:45  Drone  
  99  6:56  Overlord  
  99  6:57  Overlord x3  
  99  7:02  Ravager x3  
  99  7:03  Ravager x4  
  99  7:06  Ravager  
  107  7:12  Spore Crawler x3, Drone x3  
  107  7:17  Queen  
  107  7:20  Drone  
  107  7:21  Roach  
  107  7:22  Roach x2  
  116  7:30  Ravager x2  
  116  7:31  Ravager x2  
  120  7:39  Roach x3  
  120  7:40  Roach x2  
  120  7:42  Roach  
  120  7:44  Hatchery  
  131  7:49  Roach x4  
  131  7:50  Zergling x2  
  140  8:06  Ravager  
  140  8:07  Ravager x3  
  140  8:10  Roach x3  
  140  8:11  Roach  
  140  8:12  Overlord x4  
  149  8:27  Extractor  
  149  8:28  Extractor  
  147  8:39  Roach x13  
  147  8:40  Roach x3  
  179  8:50  Overlord x4  
  179  8:55  Zerg Missile Weapons Level 2  
  179  8:58  Zerg Ground Armor Level 2  
  153  9:20  Roach  
  153  9:21  Roach x12  
  130  9:37  Roach  
  130  9:38  Roach x8  
  125  9:43  Drone x3  
  125  9:45  Drone x2  
  126  10:10  Roach  
  126  10:11  Roach x12  
  126  10:12  Roach  
  153  10:16  Burrow  
  153  10:27  Ravager  
  153  10:28  Ravager x5  
  159  10:33  Ravager  
  161  10:35  Ravager  
  161  10:39  Drone  
  161  10:40  Drone x2  
  161  10:41  Drone  
  161  10:42  Drone x3  
  168  10:43  Drone x3  
  124  11:04  Roach x13  
  77  11:05  Roach x5  
  77  11:08  Roach  
  77  11:10  Roach  
  113  11:19  Roach x4  
  113  11:20  Roach  
  118  11:30  Roach  
  118  11:31  Roach x4  
  118  11:32  Roach  
Show
View Real Time Build Order
Export as new Build Order

LaWeedaLoca Zerg 

Build Orders: Hatch First 

Get SALT Encoding   

  12  0:01  Drone  
  13  0:12  Overlord  
  13  0:17  Drone  
  14  0:30  Drone  
  14  0:31  Drone  
  16  0:41  Drone  
  17  0:48  Drone  
  18  1:00  Drone  
  19  1:04  Extractor  
  19  1:08  Hatchery  
  17  1:15  Spawning Pool  
  17  1:16  Drone  
  17  1:20  Drone  
  18  1:28  Drone  
  19  1:38  Overlord  
  19  1:49  Drone  
  20  2:04  Metabolic Boost  
  20  2:05  Queen  
  20  2:07  Zergling x2  
  23  2:20  Queen  
  23  2:22  Drone x3  
  28  2:36  Zergling x4  
  30  2:45  Drone x2  
  32  3:00  Drone x2  
  32  3:05  Extractor, Drone  
  33  3:06  Drone  
  35  3:17  Lair  
  35  3:18  Drone  
  35  3:19  Overlord x2  
  36  3:22  Extractor  
  36  3:24  Extractor  
  36  3:25  Drone x2  
  36  3:31  Overlord x3  
  36  3:38  Drone x3  
  39  3:54  Drone x3  
  39  3:55  Drone x2  
  44  4:08  Drone x5  
  49  4:18  Spire  
  48  4:25  Overlord x2  
  48  4:41  Drone x2  
  48  4:42  Drone x2  
  48  4:43  Hatchery, Drone  
  52  4:45  Drone  
  53  4:54  Drone x3  
  53  4:55  Drone  
  53  4:57  Spore Crawler  
  53  4:59  Spore Crawler  
  55  5:10  Overlord x2  
  55  5:11  Overlord  
  55  5:32  Mutalisk x2  
  55  5:33  Mutalisk x6  
  71  5:42  Mutalisk  
  71  5:54  Mutalisk  
  71  5:55  Mutalisk x2  
  75  6:03  Zerg Flyer Weapons Level 1  
  75  6:13  Drone x2  
  75  6:14  Drone x3  
  80  6:32  Queen  
  80  6:34  Drone x6  
  88  6:42  Spire  
  88  6:46  Mutalisk x2  
  91  7:00  Spore Crawler  
  90  7:02  Drone  
  90  7:03  Drone x9  
  90  7:07  Spore Crawler  
  99  7:08  Extractor  
  99  7:10  Extractor  
  97  7:23  Spore Crawler  
  97  7:25  Mutalisk x4  
  97  7:28  Drone  
  97  7:29  Overlord x3  
  95  8:09  Mutalisk  
  95  8:10  Mutalisk x6  
  91  8:21  Corruptor x2  
  95  8:31  Hatchery  
  94  8:39  Zerg Flyer Armor Level 1, Zerg Flyer Weapons Level 2  
  92  8:54  Mutalisk x2  
  96  9:00  Overlord x5  
  96  9:01  Zergling x2  
  96  9:02  Zergling x18  
  106  9:14  Corruptor  
  106  9:15  Corruptor x2  
  112  9:21  Corruptor  
  112  9:23  Corruptor  
  116  9:48  Overlord  
  116  9:49  Overlord x7  
  116  9:54  Corruptor x5  
  126  10:17  Hatchery  
  125  10:31  Corruptor  
  125  10:32  Corruptor x5  
  125  10:34  Zergling x2  
  125  10:35  Zergling x16  
  116  11:05  Mutalisk  
  116  11:06  Mutalisk x5  
  128  11:17  Mutalisk  
  124  11:18  Mutalisk  
  119  11:30  Zergling x4  
  119  11:31  Zergling x14  
Show
View Real Time Build Order
Export as new Build Order

Jhyrachy Zerg 

Build Orders: Hatch First 

Get SALT Encoding   

  12  0:03  Drone  
  13  0:14  Overlord  
  13  0:22  Drone  
  14  0:35  Drone  
  15  0:36  Drone  
  16  1:03  Drone  
  17  1:04  Hatchery  
  17  1:06  Extractor  
  15  1:13  Spawning Pool  
  15  1:14  Drone  
  15  1:19  Drone  
  15  1:22  Drone  
  17  1:38  Drone x2  
  19  1:47  Overlord  
  19  2:00  Queen  
  21  2:13  Metabolic Boost  
  21  2:17  Queen  
  23  2:50  Overlord x2  
  23  2:55  Lair  
  23  2:59  Drone, Extractor  
  23  3:11  Drone x6  
  23  3:12  Drone x2  
  31  3:19  Evolution Chamber  
  30  3:31  Drone x2  
  32  3:42  Drone x2  
  32  3:43  Drone x3  
  37  3:55  Spore Crawler  
  36  3:58  Spore Crawler  
  35  4:03  Spore Crawler  
  35  4:05  Spore Crawler  
  33  4:12  Extractor  
  32  4:17  Spire  
  32  4:18  Drone x3  
  32  4:19  Drone x2  
  32  4:23  Extractor  
  35  4:44  Spore Crawler  
  34  4:47  Spore Crawler  
  34  4:52  Spore Crawler  
  32  4:53  Drone x2  
  32  4:54  Drone  
  32  4:55  Spore Crawler, Drone x2  
  32  4:56  Drone  
  37  5:07  Drone x3  
  37  5:08  Drone x3  
  43  5:16  Queen  
  45  5:24  Overlord  
  45  5:26  Hatchery  
  44  5:57  Mutalisk x3  
  44  5:58  Mutalisk x5  
  58  6:35  Drone  
  58  6:36  Drone  
  58  6:39  Overlord x3  
  60  7:09  Corruptor  
  60  7:10  Corruptor x2  
  66  7:24  Corruptor x7  
  80  7:34  Drone  
  80  7:35  Drone x5  
  86  8:01  Zerg Flyer Weapons Level 1  
  86  8:14  Extractor  
  86  8:15  Drone  
  86  8:16  Drone x4  
  90  8:22  Extractor, Overlord  
  90  8:23  Overlord x2  
  89  8:57  Drone  
  89  8:58  Drone x2  
  89  8:59  Drone  
  89  9:00  Drone x2  
  81  9:13  Corruptor x11  
  87  9:55  Zerg Flyer Armor Level 1  
  65  10:41  Corruptor  
  65  10:42  Corruptor x12  
  91  11:29  Zergling x2  
  91  11:30  Zergling x28  
  91  11:32  Overlord x2  
  106  11:33  Overlord  
Show
View Real Time Build Order
Export as new Build Order

Suicidal Zerg - Winner!

Build Orders: Hatch First, Lurkers 

Get SALT Encoding   

  12  0:01  Drone  
  13  0:09  Drone  
  14  0:16  Overlord  
  14  0:28  Extractor x2  
  12  0:29  Drone  
  12  0:30  Drone  
  16  0:36  Drone  
  17  0:58  Hatchery, Drone  
  17  1:08  Extractor  
  17  1:09  Drone  
  17  1:22  Spawning Pool  
  17  1:23  Drone  
  17  1:24  Drone  
  18  1:35  Drone  
  18  1:38  Overlord  
  19  1:53  Drone  
  20  2:06  Hatchery  
  20  2:08  Drone  
  20  2:14  Metabolic Boost  
  20  2:17  Zergling x2  
  20  2:20  Zergling x2  
  22  2:29  Queen  
  24  2:39  Drone x3  
  27  2:45  Queen  
  29  2:58  Overlord  
  29  2:59  Overlord  
  29  3:00  Drone  
  30  3:09  Drone  
  30  3:10  Drone x2  
  33  3:19  Drone x3  
  36  3:24  Queen  
  38  3:28  Drone x2  
  38  3:33  Overlord  
  40  3:37  Overlord  
  39  3:54  Lair  
  38  3:57  Extractor  
  38  3:59  Extractor  
  38  4:02  Zergling x18  
  45  4:11  Drone x2  
  45  4:16  Extractor  
  46  4:30  Roach Warren  
  45  4:31  Drone x4  
  45  4:32  Drone  
  45  4:33  Evolution Chamber  
  45  4:35  Evolution Chamber  
  48  4:41  Drone  
  48  4:42  Spore Crawler, Drone  
  49  4:49  Drone x3  
  49  4:51  Drone  
  53  5:01  Drone x2  
  53  5:02  Drone x2  
  57  5:09  Zerg Missile Weapons Level 1  
  57  5:12  Zerg Ground Armor Level 1  
  57  5:14  Drone  
  58  5:20  Drone x2  
  58  5:21  Drone x2  
  62  5:27  Overlord  
  61  5:43  Drone x9  
  61  5:44  Drone x2  
  61  5:48  Extractor  
  71  5:50  Extractor  
  69  6:05  Drone x8  
  69  6:06  Hydralisk Den  
  69  6:19  Overlord  
  69  6:20  Overlord  
  69  6:21  Overlord x2  
  69  6:23  Glial Reconstitution  
  69  6:30  Spore Crawler, Drone x6  
  69  6:31  Spore Crawler  
  73  6:36  Spore Crawler x2  
  71  6:43  Spore Crawler  
  70  6:47  Spore Crawler, Lurker Den  
  70  6:50  Spore Crawler  
  70  6:51  Drone x3  
  70  6:52  Spore Crawler  
  70  7:06  Hatchery  
  69  7:17  Zerg Missile Weapons Level 2, Zerg Ground Armor Level 2  
  69  7:20  Overlord x2  
  69  7:22  Drone x3  
  72  7:27  Hydralisk x4  
  72  7:28  Hydralisk  
  82  7:49  Hydralisk x6  
  94  8:07  Roach x10  
  94  8:08  Hatchery  
  94  8:11  Overseer  
  113  8:16  Lurker x2  
  115  8:26  Lurker x3  
  118  8:29  Roach x5  
  118  8:31  Overlord  
  118  8:32  Overlord x4  
  128  8:52  Roach x12  
  152  9:08  Overlord x3  
  152  9:19  Infestation Pit  
  152  9:21  Overseer  
  151  9:43  Hydralisk x2  
  151  9:44  Hydralisk x17  
  177  10:04  Hive  
  177  10:08  Drone x3  
  177  10:09  Queen  
  182  10:19  Overlord x3  
  182  10:20  Overlord  
  182  10:24  Pneumatized Carapace  
  182  10:36  Overlord x2  
  155  11:15  Roach x5  
  155  11:16  Roach x17  
  199  11:44  Hydralisk x3  
  199  12:20  Extractor  
  198  12:23  Extractor  
Show
View Real Time Build Order
Export as new Build Order

GArUnE Zerg - Winner!

Build Orders: Hatch First, Lurkers 

Get SALT Encoding   

  12  0:02  Drone  
  13  0:08  Drone  
  14  0:16  Overlord  
  14  0:25  Extractor, Drone  
  15  0:39  Drone  
  15  0:40  Drone  
  17  0:48  Drone  
  18  1:03  Drone  
  19  1:07  Drone  
  19  1:10  Hatchery  
  19  1:17  Overlord  
  19  1:23  Spawning Pool  
  18  1:29  Drone  
  19  1:39  Drone  
  20  1:45  Extractor  
  19  1:52  Drone  
  19  1:53  Extractor  
  19  2:01  Drone  
  20  2:10  Queen  
  20  2:12  Drone  
  23  2:21  Roach Warren  
  23  2:22  Drone  
  23  2:27  Drone  
  24  2:31  Queen  
  24  2:33  Drone x2  
  28  2:44  Drone  
  29  2:46  Drone  
  30  2:55  Drone  
  31  3:01  Lair  
  31  3:04  Roach  
  33  3:06  Overlord  
  33  3:08  Roach  
  35  3:21  Overlord  
  35  3:26  Drone x4  
  39  3:34  Roach  
  41  3:38  Roach  
  41  3:39  Roach  
  45  3:48  Drone x2  
  46  3:50  Roach x2  
  46  3:55  Overlord x2  
  51  3:59  Glial Reconstitution  
  51  4:05  Drone  
  52  4:25  Hydralisk Den  
  52  4:27  Drone x4  
  52  4:28  Roach  
  57  4:34  Extractor  
  57  4:37  Drone x4  
  57  4:38  Extractor  
  59  4:40  Queen  
  61  5:03  Drone x3  
  64  5:12  Muscular Augments  
  64  5:13  Roach  
  68  5:14  Roach  
  68  5:16  Overlord x2  
  68  5:31  Evolution Chamber  
  68  5:33  Hydralisk, Evolution Chamber  
  68  5:34  Hydralisk x4  
  68  5:35  Hydralisk x3  
  82  5:50  Hatchery  
  81  5:58  Drone  
  81  5:59  Drone x2  
  81  6:00  Hatchery, Overlord  
  81  6:01  Overlord  
  83  6:18  Zerg Missile Weapons Level 1  
  83  6:19  Zerg Ground Armor Level 1, Hydralisk  
  83  6:20  Hydralisk x3  
  83  6:21  Roach  
  83  6:22  Roach x3  
  99  6:37  Overlord x2  
  99  6:38  Overlord  
  99  6:42  Ravager  
  99  6:45  Overlord  
  99  6:46  Overlord  
  100  6:47  Overseer  
  100  7:06  Drone x5  
  100  7:07  Hydralisk x3  
  111  7:15  Lurker Den  
  111  7:31  Pneumatized Carapace  
  101  7:40  Hydralisk  
  101  7:41  Hydralisk x8  
  111  7:50  Drone x6  
  113  8:06  Hydralisk x2  
  113  8:07  Hydralisk  
  113  8:08  Hydralisk  
  121  8:14  Drone x5  
  126  8:40  Drone x2  
  128  9:07  Roach x2  
  128  9:08  Roach x6  
  111  9:19  Roach  
  111  9:20  Roach x11  
  99  9:32  Queen  
  99  9:35  Roach x6  
  99  9:36  Roach  
  99  9:37  Zerg Missile Weapons Level 2  
  115  9:43  Extractor, Drone x2  
  115  9:44  Drone, Extractor  
  116  9:57  Spore Crawler, Hydralisk x3  
  121  10:09  Ravager x2  
  123  10:18  Zergling x12  
  123  10:19  Zergling x14  
  136  10:38  Hatchery  
  135  10:47  Lurker x2  
  135  10:48  Lurker x3  
  140  11:00  Infestation Pit  
  140  11:02  Drone  
  140  11:03  Drone x4  
  139  11:48  Overlord x2  
  139  11:49  Overlord x4  
Show
View Real Time Build Order
Export as new Build Order

Нафнаф Terran - Winner!

Build Orders:  

Get SALT Encoding   

  12  0:01  SCV  
  13  0:13  SCV  
  14  0:22  Supply Depot  
  14  0:25  SCV  
  15  0:43  SCV  
  15  0:44  Barracks  
  15  0:48  Refinery  
  16  0:55  SCV  
  17  1:07  SCV  
  18  1:25  SCV  
  18  1:31  Command Center  
  19  1:33  Marine  
  20  1:41  Orbital Command  
  20  1:48  Supply Depot  
  20  1:52  Marine  
  21  1:58  Refinery  
  21  2:10  Factory  
  21  2:14  SCV  
  22  2:26  SCV  
  23  2:36  Supply Depot  
  23  2:38  SCV  
  23  2:43  Orbital Command  
  24  2:45  Refinery  
  24  2:50  SCV  
  25  2:55  Starport  
  25  2:58  Factory Reactor  
  25  3:03  SCV  
  26  3:10  SCV  
  27  3:16  SCV  
  28  3:22  SCV  
  29  3:28  SCV  
  31  3:34  SCV  
  31  3:40  Starport  
  31  3:42  Factory Reactor  
  31  3:43  Viking x2  
  31  3:45  SCV  
  31  3:46  SCV  
  37  3:51  Refinery  
  37  3:57  SCV  
  37  4:02  SCV  
  39  4:03  Liberator  
  39  4:05  Liberator, Supply Depot  
  39  4:09  SCV  
  40  4:11  Fusion Core  
  40  4:14  SCV  
  41  4:22  SCV  
  48  4:31  Starport Tech Lab  
  48  4:33  SCV  
  48  4:34  SCV  
  50  4:45  SCV  
  51  4:46  Liberator  
  51  4:57  Advanced Ballistics  
  51  5:06  Liberator  
  51  5:07  Liberator, Engineering Bay  
  54  5:17  Command Center  
  60  5:48  Liberator  
  60  5:51  Supply Depot  
  60  5:55  Liberator x2  
  60  6:11  SCV  
  60  6:14  Supply Depot  
  60  6:18  Starport  
  67  6:31  Liberator  
  67  6:32  Missile Turret  
  67  6:38  Refinery, Supply Depot  
  67  6:40  Liberator  
  67  6:48  Widow Mine x2  
  67  6:52  Missile Turret  
  67  6:53  Planetary Fortress  
  74  7:00  Liberator  
  77  7:02  Supply Depot  
  77  7:05  Refinery  
  77  7:08  SCV x2  
  79  7:16  Missile Turret  
  79  7:19  Command Center  
  79  7:20  Liberator, SCV x2  
  84  7:27  Missile Turret  
  84  7:32  SCV x2  
  86  7:40  Starport Reactor  
  89  7:44  SCV  
  89  7:47  Factory  
  90  7:52  Liberator x2  
  96  8:27  SCV x3  
  99  8:34  Liberator x2  
  99  8:37  Widow Mine x2  
  99  8:38  Refinery  
  99  8:39  Refinery, SCV x3  
  99  8:40  Planetary Fortress  
  103  8:41  Missile Turret  
  99  8:51  SCV x3  
  99  8:55  Liberator x2  
  105  9:03  SCV x2  
  105  9:04  SCV  
  105  9:06  Widow Mine  
  107  9:15  SCV x2  
  107  9:16  SCV  
  113  9:19  Widow Mine  
  113  9:23  Factory Tech Lab  
  115  9:26  Armory  
  115  9:27  SCV  
  115  9:28  SCV x2  
  118  9:31  Armory  
  118  9:34  Widow Mine  
  120  9:45  SCV x2  
  122  9:47  SCV x2  
  124  10:01  Supply Depot x2  
  124  10:03  Supply Depot x3  
  124  10:04  Supply Depot  
  124  10:09  Liberator  
  124  10:10  Liberator x2  
  124  10:15  SCV x2  
  124  10:16  Liberator x2  
  123  10:22  Widow Mine  
  123  10:25  Supply Depot  
  140  10:49  Widow Mine  
  142  10:50  Widow Mine  
  142  10:52  Liberator x2  
  142  10:53  Liberator  
  144  10:59  Liberator x2  
  126  11:17  Missile Turret x3  
  125  11:18  Missile Turret  
  125  11:35  Liberator x2  
  126  12:02  Widow Mine x2  
  126  12:03  Widow Mine  
  119  12:32  Supply Depot  
  119  12:33  Supply Depot x2  
Tags
 
Add a new tag
Caveats
  • Supply blocks, unpowered buildings, or Contaminate may cause inaccurate times.
  • Supply counts are checked every 10 seconds.